 Dungeon Crawl Stone Soup version 0.27.1-1-g398f81649c (console) character file.

Game seed: 14280105426679288738

60 om the Ruffian (level 3, -2/28 HPs)
             Began as a Demigod Transmuter on Sept 8, 2021.
             Slain by a hound (5 damage)
             ... on level 3 of the Dungeon.
             The game lasted 00:03:37 (2785 turns).

om the Ruffian (Demigod Transmuter)                 Turns: 2785, Time: 00:03:38

Health: -2/28      AC:  2    Str: 15    XL:     3   Next: 55%
Magic:  8/8        EV: 12    Int: 15    God:
Gold:   49         SH:  0    Dex: 14    Spells: 2/6 levels left

rFire    . . .     SeeInvis .     - Unarmed
rCold    + . .     Faith    .   (no shield)
rNeg     . . .     Spirit   .   a - +0 robe
rPois    .         Reflect  .   (no helmet)
rElec    .         Harm     .   (no cloak)
rCorr    .         Rampage  .   (no gloves)
Will     .....                  (no boots)
Stlth    +.........             (no amulet)
HPRegen  0.09/turn              k - ring of protection from cold
MPRegen  0.11/turn              (no ring)

@: no status effects
A: high mp 1, forlorn
a: no special abilities


You were on level 3 of the Dungeon.
You visited 1 branch of the dungeon, and saw 3 of its levels.

You collected 49 gold pieces.

Inventory:

Armour
 a - a +0 robe (worn)
Jewellery
 h - an amulet of the acrobat
 k - a ring of protection from cold (left hand)
Scrolls
 b - 2 scrolls of identify
 c - a scroll of enchant armour {unknown}
 d - a scroll of silence {unknown}
 f - a scroll of vulnerability {unknown}
 g - a scroll of immolation {unknown}
 i - a scroll of enchant weapon {unknown}
 j - a scroll of amnesia {unknown}
 l - a scroll of teleportation {unknown}
Potions
 e - a potion of haste
 m - a potion of curing {unknown}


   Skills:
 + Level 1.6 Fighting
 * Level 2.6 Dodging
 + Level 3.0 Unarmed Combat
 + Level 2.1 Spellcasting
 + Level 2.2 Transmutations


You had 2 spell levels left.
You knew the following spells:

 Your Spells              Type           Power      Damage    Failure   Level
a - Beastly Appendage     Tmut           16%        N/A       9%          1
b - Spider Form           Tmut/Pois      2%         N/A       38%         3

Your spell library contained the following spells:

 Spells                   Type           Power      Damage    Failure   Level
 Wereblood                Tmut           8%         N/A       13%         2
 Ice Form                 Ice/Tmut       4%         N/A       80%         4


Dungeon Overview and Level Annotations

Branches:
Dungeon (3/15)


Innate Abilities, Weirdness & Mutations

Your attributes grow dramatically as you level up.
You have an increased reservoir of magic. (+10% MP)
You shall have no god before yourself.


Message History

You closely miss the hound. Your kick misses the hound.
The hound barely misses you.
You hit the hound.
The hound is lightly wounded.
The hound bites you. The hound closely misses you.
An orc comes into view. It is wielding a +0 hand axe.
You miss the hound.
The hound is lightly wounded.
The orc shouts!
The hound bites you.
You hit the hound. You claw the hound.
The hound is heavily wounded.
The hound bites you but does no damage. The hound barely misses you.
You hit the hound.
The hound is severely wounded.
The hound bites you.
You hit the hound but do no damage.
The hound is severely wounded.
The hound barely misses you.
An orc comes into view. It is wielding a +0 falchion.
The hound closely misses you.
You barely miss the hound.
The orc shouts!
Your kick misses the hound. Your headbutt misses the hound.
The hound is severely wounded.
Your transformation is almost over.
The hound bites you.
You hit the hound but do no damage.
The hound is severely wounded.
The hound bites you but does no damage.
You barely miss the hound. You claw the hound. Your headbutt misses the hound.
The hound is almost dead.
The hound bites you but does no damage. The hound bites you.
* * * LOW HITPOINT WARNING * * *
The hound bites you but does no damage. The hound misses you.
The hound bites you.
* * * LOW HITPOINT WARNING * * *
Your horns disappear.
Your talons disappear.
The hound bites you.
You die...

##...##.# ##.....#.#
#####........#
#########............#
..........###........#######
.##.###.### ##....o#..ooo...
.##.# #.# ##...o#########
.##.# #.# ####.#.# .##.. #.#
#....#o###### .#### #.#
#.####.....[# ## #<#
#...@h..###.# # #.#
#.#####.# #.# #.#####.# #.#
#.# #.......# #.# #.#
#######.# #.# #.#
#.#####.###.# #...........#
.#######..####.#####
..........# #.# ########.##
#.####### #.#####........


You could see a hound.

Vanquished Creatures
  2 adders
  A worm (D:2)
  A dart slug (D:1)
  3 ball pythons
  7 endoplasms
  3 goblins
  A hobgoblin (D:1)
  3 jackals (D:1)
  4 kobolds
  A quokka (D:1)
  5 bats
  2 frilled lizards
  2 rats
35 creatures vanquished.

Vanquished Creatures (others)
  A fungus (D:1)
  2 plants (D:1)
3 creatures vanquished.

Grand Total: 38 creatures vanquished

Notes
Turn   | Place    | Note
-------+----------+-------------------------------------------
     0 | D:1      | om the Demigod Transmuter began the quest for the Orb.
     0 | D:1      | Reached XP level 1. HP: 15/15 MP: 5/5
   141 | D:1      | Reached skill level 1 in Fighting
   464 | D:1      | Reached XP level 2. HP: 23/23 MP: 5/7
  1209 | D:2      | Reached XP level 3. HP: 5/28 MP: 8/8
  1961 | D:2      | Learned a level 3 spell: Spider Form
  2525 | D:3      | Reached skill level 3 in Unarmed Combat
  2785 | D:3      | Slain by a hound

Illustrated notes

Levels and vault maps discovered:
D:1:      dpeg_arrival_simpleton_b, layout_loops_ring,
          dreamdust_ecumenical_altar_grove
D:2:      layout_rooms, corexii_corridor_pit, eino_tiny_chamber
D:3:      layout_loops_ring, nicolae_tso_swordbearing_angel, lemuel_round_altar

Skill      XL: |  1  2  3 |
---------------+----------+-----
Fighting       | 1 |  1.6
Dodging        | 2 |  2.6
Transmutations | 2 |  2.2
Spellcasting   | 2 |  2.1
Unarmed Combat | 3 |  3.0

Action                   || total
-------------------------++-------
Melee: Unarmed           ||   107
       Kick              ||    15
       Headbutt          ||    10
 Cast: Beastly Appendage ||    19
  Use: Scroll            ||     2
 Stab: Sleeping          ||     4
Armor: Robe              ||    18
Dodge: Dodged            ||    56
